 Dungeon Crawl Stone Soup version 0.23.2-1-ga50397a (webtiles) character file.

Game seed: 15545054991526302394

4267 Kairos the Magician (level 10, -7/76 (77) HPs)
             Began as a Gnoll Skald on Apr 23, 2019.
             Was a High Priest of Cheibriados.
             Mangled by an orc warrior
             ... wielding a +0 glaive
              (13 damage)
             ... on level 8 of the Dungeon.
             The game lasted 00:26:00 (7347 turns).

Kairos the Magician (Gnoll Skald)                   Turns: 7347, Time: 00:26:01

HP:   -7/76 (77)    AC:  8    Str: 27    XL:     10   Next: 31%
MP:   10/20         EV: 18    Int: 27    God:    Cheibriados [*****.]
Gold: 192           SH:  0    Dex: 26    Spells: 16/23 levels left

rFire    x . .     SeeInvis .   y - +0 trident
rCold    + . .     Gourm    .   (no shield)
rNeg     . . .     Faith    .   u - +0 ring mail
rPois    .         Spirit   .   (no helmet)
rElec    .         Reflect  .   (no cloak)
rCorr    .         Harm     .   o - +0 pair of gloves
MR       .....                  M - +0 pair of boots
Stlth    +++.......             (no amulet)
HPRegen  1.22/turn              m - ring of wizardry
MPRegen  0.17/turn              c - ring of ice

@: regenerating (expiring), very slow
A: distributed training, fangs 1, strong nose
a: Bend Time, Temporal Distortion, Slouch, Step From Time, Renounce Religion


You were on level 8 of the Dungeon.
You worshipped Cheibriados.
Cheibriados was extremely pleased with you.
You were hungry.

You visited 1 branch of the dungeon, and saw 8 of its levels.
You also visited: Ossuary.

You collected 412 gold pieces.
You spent 220 gold pieces at shops.

Inventory:

Hand Weapons
 a - a +0 spear
 y - a +0 trident (weapon)
 G - a +0 halberd
Missiles
 z - 5 tomahawks (quivered)
 N - 8 poisoned tomahawks
Armour
 b - a +0 leather armour
 o - a +0 pair of gloves (worn)
 u - a +0 ring mail (worn)
 A - a +2 chain mail of magic resistance
 M - a +0 pair of boots (worn)
Magical Staves
 k - an uncursed staff of conjuration
Jewellery
 c - a ring of ice (right hand)
 m - a ring of wizardry (left hand)
 v - an uncursed ring of see invisible
 F - an uncursed ring of magical power
 H - an uncursed ring of protection from fire
Wands
 J - a wand of flame (8)
Scrolls
 e - 6 scrolls of remove curse
 g - 2 scrolls of teleportation
 l - a scroll of immolation {unknown}
 q - 3 scrolls of fear {unknown}
 s - a scroll of fog {unknown}
 t - 5 scrolls of magic mapping {unknown}
 w - 2 scrolls of blinking {unknown}
 x - a scroll of amnesia {unknown}
 B - a scroll of noise {unknown}
 E - 2 scrolls of identify
 I - a scroll of torment {unknown}
Potions
 f - a potion of flight
 h - 5 potions of might
 i - 5 potions of heal wounds
 j - 3 potions of brilliance {unknown}
 n - 2 potions of curing
 p - 4 potions of haste {unknown}
 r - 3 potions of resistance {unknown}
 C - a potion of cancellation {unknown}
 D - a potion of agility {unknown}
 K - 3 potions of magic {unknown}
 L - a potion of ambrosia {unknown}
Comestibles
 d - 14 rations


   Skills:
 + Level 6.9 Fighting
 + Level 5.0 Short Blades
 + Level 5.0 Long Blades
 + Level 5.0 Axes
 + Level 5.0 Maces & Flails
 + Level 6.9 Polearms
 + Level 5.0 Staves
 + Level 5.0 Slings
 + Level 5.0 Bows
 + Level 5.0 Crossbows
 + Level 5.0 Throwing
 + Level 5.7 Armour
 + Level 6.9 Dodging
 + Level 5.0 Stealth
 + Level 5.0 Shields
 + Level 5.0 Unarmed Combat
 + Level 7.2 Spellcasting
 + Level 4.2 Conjurations
 + Level 4.2 Hexes
 + Level 7.0 Charms
 + Level 4.2 Summonings
 + Level 4.2 Necromancy
 + Level 4.2 Translocations
 + Level 4.2 Transmutations
 + Level 4.2 Fire Magic
 + Level 4.2 Ice Magic
 + Level 4.2 Air Magic
 + Level 4.2 Earth Magic
 + Level 4.2 Poison Magic
 + Level 5.5 Invocations
 + Level 5.0 Evocations


You had 16 spell levels left.
You knew the following spells:

 Your Spells              Type           Power        Failure   Level  Hunger
a - Infusion              Chrm           ####         1%          1    None
b - Spectral Weapon       Hex/Chrm       #####...     1%          3    None
c - Regeneration          Chrm/Necr      #####.....   1%          3    None

Your spell library contained the following spells:

 Spells                   Type           Power        Failure   Level  Hunger
 Shroud of Golubria       Chrm/Tloc      #####.....   1%          2    None
 Song of Slaying          Chrm           #####...     1%          2    None


Dungeon Overview and Level Annotations

Branches:
Dungeon (8/15)             Temple (0/1) D:5
   Lair: D:8-11

Altars:
Cheibriados
Fedhas
Makhleb
Nemelex Xobeh
Wu Jian

Shops:
D:4 =

Annotations:
D:4 2 runed translucent doors, Borgoz's ghost, novice GrFi


Innate Abilities, Weirdness & Mutations

Your experience applies equally to all skills.
You have very sharp teeth.
Your uncanny sense of smell can sniff out nearby items.


Message History

You are too injured to fight recklessly!
You are too injured to fight recklessly!
The orc warrior hits you with a +0 glaive.
Items here: )) [[[ ††† You are too injured to fight recklessly!
You are too injured to fight recklessly!
You are too injured to fight recklessly!
You are too injured to fight recklessly!
Unknown command.
You barely miss the orc warrior.
The orc warrior is heavily wounded.
Your spectral weapon hits the orc warrior!
The orc warrior hits you with a +0 glaive!!
* * * LOW HITPOINT WARNING * * *
You closely miss the orc warrior.
The orc warrior is almost dead.
Your skin is crawling a little less now.
Your spectral weapon hits the orc warrior but does no damage.
The orc warrior hits you with a +0 glaive!
You die...

∆ ..# ## #.# .. #.#
#. ######.# . #.
#....#.# ... #.
####.#.#
.....#.####...#.#
......o@......#.#
.....#(####.###.#
##.
#.####.###.######
.........)<...(....
##..........#######
........#####
#########


You could see an orc warrior and a friendly spectral +0 trident.

Vanquished Creatures
  A two-headed ogre (D:5)
  Prince Ribbit (D:5)
  Grinder (D:5)
  A steam dragon (D:7)
  Edmund (D:4)
  An orc warrior (D:7)
  An ice beast (D:5)
  A phantom (D:3)
  A necrophage (D:6)
  3 ogres
  4 centaurs
  A bullfrog (D:7)
  A scorpion (D:8)
  3 killer bees (D:7)
  2 howler monkeys
  6 centaur zombies
  4 crimson imps
  A bullfrog zombie (Ossuary)
  A hound (D:4)
  A gnoll shaman (D:5)
  7 orc wizards
  3 orc priests
  2 iguanas
  Jessica (D:2)
  7 worker ants
  A killer bee zombie (Ossuary)
  2 hound skeletons
  15 mummies (Ossuary)
  2 howler monkey zombies (Ossuary)
  6 worker ant zombies
  A howler monkey skeleton (D:7)
  4 gnolls (D:5)
  10 adders
  2 shadow imps
  An ooze (D:6)
  4 adder zombies
  3 adder skeletons
  4 worms
  3 dart slugs
  7 leopard geckos
  28 orcs
  A ball python (D:5)
  8 bats
  7 giant cockroaches
  5 goblins
  7 hobgoblins
  9 jackals
  7 quokkas
  A ball python zombie (D:1)
  5 frilled lizards
  A jackal zombie (D:6)
  6 kobolds
  A quokka skeleton (D:6)
  2 quokka zombies (Ossuary)
  13 rats
222 creatures vanquished.

Vanquished Creatures (others)
  5 spectral weapons
  A withered plant (Ossuary)
6 creatures vanquished.

Grand Total: 228 creatures vanquished

Notes
Turn   | Place    | Note
-------+----------+-------------------------------------------
     0 | D:1      | Kairos the Gnoll Skald began the quest for the Orb.
     0 | D:1      | Reached XP level 1. HP: 20/20 MP: 6/6
    66 | D:1      | Reached XP level 2. HP: 16/26 MP: 7/7
   516 | D:1      | Reached XP level 3. HP: 31/31 MP: 9/9
   522 | D:1      | Reached skill level 5 in Spellcasting
   683 | D:1      | Learned a level 3 spell: Spectral Weapon
   687 | D:1      | Learned a level 3 spell: Regeneration
   712 | D:2      | Reached skill level 1 in Invocations
   778 | D:2      | Reached skill level 1 in Short Blades
   778 | D:2      | Reached skill level 1 in Long Blades
   778 | D:2      | Reached skill level 1 in Axes
   778 | D:2      | Reached skill level 1 in Maces & Flails
   778 | D:2      | Reached skill level 1 in Staves
   778 | D:2      | Reached skill level 1 in Slings
   778 | D:2      | Reached skill level 1 in Bows
   778 | D:2      | Reached skill level 1 in Crossbows
   778 | D:2      | Reached skill level 1 in Throwing
   778 | D:2      | Reached skill level 1 in Stealth
   778 | D:2      | Reached skill level 1 in Shields
   778 | D:2      | Reached skill level 1 in Unarmed Combat
   778 | D:2      | Reached skill level 1 in Evocations
  1021 | D:2      | Reached XP level 4. HP: 38/38 MP: 11/11
  1149 | D:2      | Noticed Jessica
  1168 | D:2      | Killed Jessica
  1168 | D:2      | Reached skill level 1 in Conjurations
  1168 | D:2      | Reached skill level 1 in Hexes
  1168 | D:2      | Reached skill level 1 in Summonings
  1168 | D:2      | Reached skill level 1 in Necromancy
  1168 | D:2      | Reached skill level 1 in Translocations
  1168 | D:2      | Reached skill level 1 in Transmutations
  1168 | D:2      | Reached skill level 1 in Fire Magic
  1168 | D:2      | Reached skill level 1 in Ice Magic
  1168 | D:2      | Reached skill level 1 in Air Magic
  1168 | D:2      | Reached skill level 1 in Earth Magic
  1168 | D:2      | Reached skill level 1 in Poison Magic
  1243 | D:2      | Reached XP level 5. HP: 32/43 MP: 12/12
  1644 | D:2      | Found a snail-covered altar of Cheibriados.
  1668 | D:2      | Became a worshipper of Cheibriados the Contemplative
  1827 | D:3      | Noticed a phantom
  2354 | D:3      | Reached XP level 6. HP: 43/50 MP: 8/13
  2496 | D:3      | Reached * piety under Cheibriados
  2549 | D:3      | Killed a phantom
  2549 | D:3      | Reached skill level 5 in Fighting
  2549 | D:3      | Reached skill level 5 in Polearms
  2549 | D:3      | Reached skill level 5 in Dodging
  3365 | D:4      | Reached XP level 7. HP: 54/56 MP: 9/15
  3473 | D:4      | Noticed Edmund
  3545 | D:4      | Found a large runed translucent door.
  3545 | D:4      | Found a large runed translucent door.
  3548 | D:4      | Noticed Borgoz's ghost (novice GrFi)
  3632 | D:4      | Found a sand-covered staircase.
  3722 | Ossuary  | Entered an ossuary
  3883 | Ossuary  | Reached ** piety under Cheibriados
  4042 | Ossuary  | Reached XP level 8. HP: 50/63 MP: 14/16
  4431 | D:4      | Killed Edmund
  4535 | D:4      | Found Cuschuse's Jewellery Boutique.
  4540 | D:4      | Bought an uncursed ring of magical power for 220 gold
                  | pieces
  4649 | D:5      | Entered Level 5 of the Dungeon
  4649 | D:5      | Noticed Prince Ribbit
  4691 | D:5      | Reached *** piety under Cheibriados
  4963 | D:5      | Killed Prince Ribbit
  4963 | D:5      | Reached XP level 9. HP: 54/69 MP: 18/18
  5106 | D:5      | Found an ornate altar of the Wu Jian Council.
  5337 | D:5      | Noticed Grinder
  5342 | D:5      | Reached **** piety under Cheibriados
  5350 | D:5      | Noticed a two-headed ogre
  5351 | D:5      | Killed Grinder
  5363 | D:5      | Killed a two-headed ogre
  5363 | D:5      | Reached skill level 5 in Armour
  5386 | D:5      | Found a staircase to the Ecumenical Temple.
  5753 | D:6      | Reached skill level 5 in Invocations
  5765 | D:6      | Found a sparkling altar of Nemelex Xobeh.
  5916 | D:6      | Found a burning altar of Makhleb.
  6023 | D:6      | Reached XP level 10. HP: 47/76 MP: 20/20
  6050 | D:6      | Got a crystal dagger
  6051 | D:6      | Identified the cursed +2 dagger of Extermination {pierce,
                  | *Rage Int+7 Dex+6} (You found it on level 6 of the Dungeon)
  6775 | D:7      | Reached ***** piety under Cheibriados
  6846 | D:7      | Found a blossoming altar of Fedhas.
  6951 | D:7      | Reached skill level 5 in Short Blades
  6951 | D:7      | Reached skill level 5 in Long Blades
  6951 | D:7      | Reached skill level 5 in Axes
  6951 | D:7      | Reached skill level 5 in Maces & Flails
  6951 | D:7      | Reached skill level 5 in Staves
  6951 | D:7      | Reached skill level 5 in Slings
  6951 | D:7      | Reached skill level 5 in Bows
  6951 | D:7      | Reached skill level 5 in Crossbows
  6951 | D:7      | Reached skill level 5 in Throwing
  6951 | D:7      | Reached skill level 5 in Stealth
  6951 | D:7      | Reached skill level 5 in Shields
  6951 | D:7      | Reached skill level 5 in Unarmed Combat
  6951 | D:7      | Reached skill level 5 in Evocations
  7347 | D:8      | Mangled by an orc warrior

Skill      XL: |  1  2  3  4  5  6  7  8  9 10 |
---------------+-------------------------------+-----
Spellcasting   | 5 6 7 |  7.2
Invocations    | 1 2 3 4 5 |  5.5
Short Blades   | 1 2 3 4 5 |  5.0
Long Blades    | 1 2 3 4 5 |  5.0
Axes           | 1 2 3 4 5 |  5.0
Maces & Flails | 1 2 3 4 5 |  5.0
Staves         | 1 2 3 4 5 |  5.0
Slings         | 1 2 3 4 5 |  5.0
Bows           | 1 2 3 4 5 |  5.0
Crossbows      | 1 2 3 4 5 |  5.0
Throwing       | 1 2 3 4 5 |  5.0
Stealth        | 1 2 3 4 5 |  5.0
Shields        | 1 2 3 4 5 |  5.0
Unarmed Combat | 1 2 3 4 5 |  5.0
Evocations     | 1 2 3 4 5 |  5.0
Conjurations   | 1 2 3 4 |  4.2
Hexes          | 1 2 3 4 |  4.2
Summonings     | 1 2 3 4 |  4.2
Necromancy     | 1 2 3 4 |  4.2
Translocations | 1 2 3 4 |  4.2
Transmutations | 1 2 3 4 |  4.2
Fire Magic     | 1 2 3 4 |  4.2
Ice Magic      | 1 2 3 4 |  4.2
Air Magic      | 1 2 3 4 |  4.2
Earth Magic    | 1 2 3 4 |  4.2
Poison Magic   | 1 2 3 4 |  4.2
Armour         | 3 4 5 |  5.7
Fighting       | 5 6 |  6.9
Polearms       | 5 6 |  6.9
Dodging        | 5 6 |  6.9
Charms         | 6 7 |  7.0

Action                   |  1- 3 |  4- 6 |  7- 9 | 10-12 || total
-------------------------+-------+-------+-------+-------++-------
Melee: Spear             |   126 |   234 |    29 |       ||   389
       Bite              |     5 |    23 |    57 |    18 ||   103
       Punch             |       |     1 |    10 |     6 ||    17
       Trident           |       |       |   336 |   110 ||   446
Throw: Tomahawk          |       |       |       |    10 ||    10
 Cast: Spectral Weapon   |       |    15 |    36 |    10 ||    61
       Regeneration      |       |     4 |    14 |     7 ||    25
Invok: Bend Time         |       |       |     1 |       ||     1
  Use: Scroll            |     3 |     1 |     4 |     1 ||     9
 Stab: Sleeping          |     1 |     2 |     8 |     2 ||    13
       Distracted        |       |       |     3 |       ||     3
  Eat: Chunk             |       |     8 |     6 |     3 ||    17
Armor: Leather armour    |    14 |     6 |       |       ||    20
       Ring mail         |       |    48 |    49 |    27 ||   124
Dodge: Dodged            |    65 |   147 |   213 |   111 ||   536
